 Dungeon Crawl Stone Soup version 0.20-a0-472-g5c05303 (webtiles) character file.

90 varedna the Chopper (level 4, -2/40 HPs)
             Began as a Minotaur Berserker on Jan 15, 2017.
             Was a Believer of Trog.
             Slain by a gnoll (6 damage)
             ... on level 2 of the Dungeon.
             The game lasted 00:03:13 (989 turns).

varedna the Chopper (Minotaur Berserker)             Turns: 989, Time: 00:03:14

Health: -2/40      AC:  2    Str: 21    XL:     4   Next: 32%
Magic:  3/3        EV: 12    Int:  4    God:    Trog [**....]
Gold:   52         SH:  0    Dex: 11    Spells: 3/3 levels left

rFire  . . .     SeeInvis .     a - +1 hand axe
rCold  . . .     Gourm    .     b - +0 animal skin
rNeg   . . .     Faith    +     (no shield)
rPois  .         Spirit   .     (helmet restricted)
rElec  .         Reflect  .     (no cloak)
rCorr  .         Harm     .     (no gloves)
MR     .....                    (no boots)
Stlth  +.........               d - amulet of faith
                                (no ring)
                                (no ring)

@: exhausted, slowed, very slow
A: retaliatory headbutt, horns 2
a: Berserk, Trog's Hand, Burn Spellbooks, Renounce Religion


You were on level 2 of the Dungeon.
You worshipped Trog.
Trog was pleased with you.
You were not hungry.

You visited 1 branch of the dungeon, and saw 2 of its levels.

You collected 52 gold pieces.

Inventory:

Hand Weapons
 a - a +1 hand axe (weapon)
Armour
 b - a +0 animal skin (worn)
Jewellery
 d - an amulet of faith (around neck)
Scrolls
 f - 3 scrolls of identify {unknown}
 g - a scroll of random uselessness {unknown}
Potions
 e - a potion of might {unknown}
Comestibles
 c - a bread ration
 h - 4 chunks of flesh


   Skills:
 + Level 4.0 Fighting
 * Level 4.6 Axes
 + Level 3.0 Armour
 + Level 2.7 Dodging
 * Level 2.1 Unarmed Combat


You had 3 spell levels left.
You didn't know any spells.

Dungeon Overview and Level Annotations

Branches:
Dungeon (2/15)

Altars:
Qazlal
Ru


Innate Abilities, Weirdness & Mutations

You reflexively headbutt those who attack you in melee.
You have a pair of horns on your head.


Message History

Eat one of 5 chunks of flesh? (ye/n/q)
You eat one of the 5 chunks of flesh.
This raw flesh tastes terrible.
You start resting.
A goblin comes into view. It is wielding a club.
The goblin shouts!
The goblin moves out of view. 2 gnolls come into view.
The gnoll shouts!
You hit the goblin.
You kill the goblin!
Trog accepts your kill.
You hit the gnoll. Your headbutt misses the gnoll.
The gnoll is moderately wounded.
You hit the gnoll.
The gnoll is moderately wounded.
The gnoll hits you.
* * * LOW HITPOINT WARNING * * *
The gnoll hits you.
You die...

############...........#.........
...........#...........#####.....
...........#...........# #.....
###........#...........# #.....
.##........#....$...[..# #.....
..#.########..........)#####.....
..#...†.........%...)............
....##########....####...###.....
..#.# ###@## #...# ###### ..#.#
#g#####...######.. .##.#
#...g........'....'.. ###.#
#........#...######.. ....#
#........#...######.. ..#..#
#.................... (.##.
###..........(......... ..+
....................... ..#
#.................##


You could see 2 gnolls.

Vanquished Creatures
  An orc wizard (D:2)
  A gnoll (D:2)
  2 adders (D:2)
  2 dart slugs (D:2)
  2 leopard geckos
  A ball python (D:1)
  A giant cockroach (D:1)
  2 goblins (D:2)
  4 hobgoblins
  A quokka (D:2)
  4 bats
  2 frilled lizards
  2 kobolds
  6 rats (D:1)
31 creatures vanquished.

Notes
Turn   | Place    | Note
-------+----------+-------------------------------------------
     0 | D:1      | varedna the Minotaur Berserker began the quest for the Orb.
     0 | D:1      | Reached XP level 1. HP: 19/19 MP: 0/0
   177 | D:1      | Reached XP level 2. HP: 22/27 MP: 1/1
   609 | D:2      | Found a stormy altar of Qazlal.
   729 | D:2      | Reached XP level 3. HP: 33/33 MP: 2/2
   806 | D:2      | Reached skill level 1 in Unarmed Combat
   816 | D:2      | Found a sacrificial altar of Ru.
   823 | D:2      | Reached XP level 4. HP: 12/40 MP: 3/3
   830 | D:2      | Reached ** piety under Trog
   989 | D:2      | Slain by a gnoll

Vault maps used:
D:1:      mrwooster_arrival_statue_2
D:2:      minmay_wonky_spiral, nicolae_ru_great_annihilating_truth,
          old_standard_altar

Skill      XL: |  1  2  3  4 |
---------------+-------------+-----
Axes           | 4 |  4.6
Unarmed Combat | 1 2 |  2.1
Fighting       | 4 |  4.0
Armour         | 3 |  3.0
Dodging        | |  2.7

Action                   |  1- 3 |  4- 6 || total
-------------------------+-------+-------++-------
Melee: Hand axe          |    55 |    20 ||    75
       Headbutt          |     6 |     1 ||     7
Invok: Berserk           |       |     1 ||     1
  Use: Scroll            |     3 |       ||     3
 Stab: Sleeping          |     1 |       ||     1
       Paralysed         |       |     1 ||     1
  Eat: Chunk             |       |     1 ||     1
Armor: Animal skin       |    11 |     4 ||    15
Dodge: Dodged            |    42 |    16 ||    58
